Map: Inside and Out

Players

IlIlIlIlllIl - Winner!

  • Race: Protoss Protoss
  • League: Master
  • Spawn Location: 7:00

circle

  • Race: Zerg Zerg
  • League: Master
  • Spawn Location: 1:00

VOD

Have the link to the VOD?

Description

Time

  • Played on: Aug. 18, 2022, 10:27 p.m.
  • Length: 12:34
Show
View Real Time Build Order
Export as new Build Order

IlIlIlIlllIl Protoss - Winner!

Build Orders: Carriers 

Get SALT Encoding   

  12  0:00  Probe  
  13  0:12  Probe  
  14  0:20  Pylon  
  14  0:25  Probe  
  14  0:26  Pylon  
  15  0:44  Probe (Chrono Boost)  
  16  0:53  Probe (Chrono Boost)  
  17  0:58  Probe (Chrono Boost)  
  18  1:09  Nexus  
  19  1:16  Forge  
  18  1:23  Pylon  
  18  1:32  Probe  
  19  1:38  Gateway  
  19  1:50  Photon Cannon  
  19  1:51  Probe  
  20  2:00  Photon Cannon  
  20  2:03  Probe  
  21  2:15  Probe (Chrono Boost)  
  22  2:22  Assimilator  
  21  2:24  Photon Cannon, Assimilator  
  21  2:26  Probe (Chrono Boost)  
  21  2:28  Cybernetics Core  
  21  2:29  Probe (Chrono Boost)  
  23  2:31  Probe (Chrono Boost)  
  24  2:38  Zealot  
  24  2:41  Probe (Chrono Boost)  
  24  2:42  Probe (Chrono Boost)  
  28  2:49  Pylon, Probe (Chrono Boost)  
  30  2:52  Probe (Chrono Boost)  
  30  2:58  Probe (Chrono Boost)  
  31  3:02  Probe (Chrono Boost)  
  32  3:12  Probe (Chrono Boost)  
  34  3:13  Probe (Chrono Boost)  
  34  3:17  Probe (Chrono Boost), Stargate  
  35  3:23  Probe (Chrono Boost), Assimilator  
  35  3:25  Assimilator  
  36  3:29  Probe (Chrono Boost)  
  36  3:33  Pylon  
  38  3:35  Adept  
  38  3:36  Probe x2 (Chrono Boost)  
  41  3:43  Probe  
  41  3:44  Probe  
  43  3:54  Pylon  
  44  3:55  Probe  
  44  3:56  Probe  
  49  4:06  Void Ray (Chrono Boost)  
  49  4:07  Probe  
  50  4:13  Probe  
  51  4:20  Probe  
  56  4:32  Void Ray (Chrono Boost)  
  56  4:34  Nexus  
  56  4:35  Probe  
  56  4:37  Pylon  
  57  4:40  Probe  
  59  4:52  Probe  
  59  4:56  Fleet Beacon  
  59  4:57  Probe, Stargate  
  60  5:01  Shield Battery  
  60  5:05  Probe  
  61  5:09  Probe  
  62  5:16  Stargate  
  62  5:17  Probe  
  62  5:18  Stargate  
  62  5:20  Protoss Air Weapons Level 1 (Chrono Boost)  
  62  5:30  Probe  
  62  5:33  Probe, Photon Cannon  
  62  5:35  Photon Cannon  
  64  5:42  Probe  
  64  5:46  Probe, Carrier (Chrono Boost)  
  71  5:51  Probe  
  72  5:59  Carrier (Chrono Boost)  
  72  6:03  Probe  
  79  6:13  Probe  
  80  6:20  Probe  
  80  6:25  Pylon  
  81  6:30  Pylon  
  81  6:32  Assimilator  
  81  6:33  Probe  
  81  6:34  Pylon  
  81  6:37  Pylon  
  81  6:38  Assimilator  
  82  6:40  Carrier (Chrono Boost)  
  82  6:41  Pylon  
  82  6:44  Carrier (Chrono Boost)  
  88  6:48  Pylon, Probe  
  93  7:17  Pylon, Probe x2  
  93  7:20  Pylon  
  93  7:21  Carrier (Chrono Boost)  
  95  7:24  Shield Battery  
  95  7:25  Probe  
  95  7:26  Photon Cannon  
  95  7:29  Probe, Photon Cannon  
  97  7:33  Shield Battery  
  97  7:35  Photon Cannon, Protoss Air Weapons Level 2 (Chrono Boost)  
  103  7:49  Carrier (Chrono Boost)  
  109  7:59  Carrier (Chrono Boost)  
  105  8:13  Carrier (Chrono Boost)  
  105  8:16  Nexus  
  117  8:27  Carrier (Chrono Boost)  
  117  8:28  Pylon  
  117  8:42  Pylon  
  117  8:46  Carrier, Shield Battery  
  123  8:55  Photon Cannon  
  123  8:57  Photon Cannon  
  123  8:59  Probe, Photon Cannon  
  123  9:00  Probe x2  
  123  9:01  Shield Battery  
  126  9:07  Carrier (Chrono Boost)  
  138  9:29  Pylon, Carrier (Chrono Boost)  
  144  9:45  Carrier (Chrono Boost)  
  138  9:52  Carrier (Chrono Boost)  
  142  10:16  Probe x3  
  142  10:19  Assimilator  
  145  10:23  Void Ray (Chrono Boost), Assimilator  
  145  10:26  Stargate  
  149  10:28  Void Ray (Chrono Boost)  
  149  10:29  Pylon  
  149  10:32  Pylon  
  149  10:36  Pylon  
  149  10:45  Pylon  
  149  10:47  Carrier (Chrono Boost)  
  149  10:48  Nexus  
  141  11:01  Carrier (Chrono Boost)  
  141  11:10  Photon Cannon  
  141  11:11  Photon Cannon  
  141  11:13  Photon Cannon  
  149  11:31  Void Ray x2 (Chrono Boost)  
  141  12:15  Probe x3  
Show
View Real Time Build Order
Export as new Build Order

circle Zerg 

Build Orders: Hatch First 

Get SALT Encoding   

  12  0:00  Drone  
  13  0:16  Overlord  
  13  0:17  Drone  
  14  0:34  Drone x2  
  16  0:49  Hatchery  
  15  0:52  Drone  
  15  0:56  Drone  
  17  1:06  Drone  
  18  1:13  Extractor  
  18  1:16  Spawning Pool  
  18  1:17  Drone  
  17  1:22  Drone  
  18  1:33  Drone  
  19  1:46  Drone  
  20  2:03  Queen  
  20  2:04  Zergling x2  
  23  2:10  Spine Crawler  
  23  2:11  Drone x2  
  24  2:19  Drone, Zergling x2  
  27  2:30  Drone  
  27  2:35  Overlord  
  28  2:53  Queen  
  28  2:56  Metabolic Boost  
  28  2:58  Drone x3  
  33  3:00  Hatchery  
  33  3:01  Drone  
  33  3:06  Drone x2  
  33  3:10  Drone  
  33  3:12  Overlord  
  36  3:23  Overlord  
  36  3:29  Queen  
  36  3:30  Overlord  
  36  3:31  Drone  
  36  3:32  Drone  
  40  3:48  Overlord  
  40  3:49  Drone  
  40  3:52  Drone  
  40  3:53  Drone  
  43  4:02  Drone  
  44  4:04  Drone x3  
  44  4:05  Queen  
  49  4:13  Queen  
  49  4:16  Drone x3  
  52  4:22  Lair  
  52  4:23  Drone  
  53  4:25  Drone  
  53  4:26  Evolution Chamber  
  53  4:29  Overlord  
  53  4:33  Drone  
  53  4:35  Spore Crawler  
  53  4:37  Drone x2  
  53  4:38  Drone x2  
  57  4:41  Spore Crawler  
  57  4:43  Spore Crawler  
  54  4:47  Zergling x6  
  54  4:52  Overlord  
  57  4:54  Drone x3  
  57  4:57  Zerg Missile Weapons Level 1  
  57  4:58  Drone  
  61  5:04  Drone  
  61  5:05  Drone  
  61  5:07  Drone  
  64  5:11  Hatchery  
  64  5:12  Overlord  
  64  5:14  Drone x4  
  64  5:17  Drone  
  64  5:18  Extractor x2, Drone  
  67  5:29  Overlord  
  67  5:30  Drone x6  
  72  5:36  Drone x2  
  72  5:37  Queen, Hydralisk Den  
  72  5:42  Drone  
  76  5:49  Overlord  
  77  5:50  Drone x3  
  77  5:52  Extractor  
  77  5:54  Extractor  
  77  6:07  Overlord  
  77  6:10  Drone x4, Muscular Augments  
  77  6:11  Extractor, Drone  
  77  6:13  Hatchery  
  77  6:16  Extractor  
  76  6:24  Hydralisk x3  
  76  6:25  Zergling x8  
  86  6:37  Hydralisk x3  
  86  6:38  Zergling x2  
  93  6:44  Queen  
  94  6:55  Hydralisk x4  
  94  7:00  Hydralisk x3  
  107  7:01  Extractor  
  107  7:05  Zergling x2  
  107  7:06  Zergling x2  
  106  7:12  Extractor  
  106  7:14  Extractor  
  105  7:20  Drone x5  
  105  7:21  Grooved Spines, Drone  
  111  7:26  Drone x4  
  111  7:28  Drone x2  
  111  7:29  Drone x2  
  119  7:32  Overlord  
  119  7:33  Overlord x3  
  119  7:41  Evolution Chamber  
  109  7:52  Spire  
  108  7:59  Drone x2, Overlord  
  108  8:00  Drone x11  
  108  8:03  Infestation Pit  
  120  8:12  Extractor  
  119  8:19  Extractor, Overlord  
  118  8:20  Spore Crawler x2  
  118  8:21  Extractor  
  115  8:35  Hatchery  
  115  8:36  Hydralisk x7  
  115  8:37  Hydralisk x7  
  142  8:45  Zerg Ground Armor Level 1  
  140  8:50  Zergling x12  
  140  8:51  Zergling x4  
  140  8:53  Drone x4  
  140  8:54  Hive  
  152  8:59  Drone  
  153  9:06  Zerg Flyer Weapons Level 1  
  153  9:07  Overlord x4  
  153  9:15  Zerg Melee Weapons Level 1  
  153  9:16  Corruptor x2  
  153  9:17  Corruptor x3  
  153  9:18  Zergling x4  
  163  9:24  Zergling x4  
  163  9:25  Zergling x4  
  163  9:26  Corruptor  
  169  9:45  Corruptor x4  
  158  9:46  Corruptor  
  158  9:51  Corruptor  
  158  9:52  Zergling x10  
  164  9:53  Zergling x4  
  164  9:59  Zergling x22  
  177  10:14  Extractor x2, Corruptor x5  
  177  10:16  Zergling x12  
  191  10:21  Extractor x2  
  191  10:24  Zergling x2  
  191  10:25  Zergling x8  
  191  10:27  Adrenal Glands  
  189  10:44  Zergling x6  
  189  10:45  Zergling x16  
  195  10:54  Corruptor  
  195  10:55  Corruptor x3  
  195  10:56  Zergling x6  
  185  11:01  Zergling x4  
  159  11:05  Corruptor  
  159  11:06  Corruptor  
  156  11:18  Corruptor  
  156  11:19  Zergling x2  
  156  11:20  Zergling x14  
  156  11:21  Queen x2, Zergling x2  
  156  11:24  Corruptor  
  173  11:38  Corruptor x3, Drone  
  179  11:40  Hatchery  
  179  11:41  Corruptor  
  179  11:43  Spore Crawler  
  179  11:45  Corruptor  
  176  11:48  Zergling x2  
  176  11:49  Drone, Zergling x6  
  176  11:50  Drone  
  176  11:52  Spore Crawler  
  177  12:00  Corruptor x3  
Tags
 
Composition
Carriers
Matchup
PvZ
Spawn Locations
Cross Positions
Add a new tag
Caveats
  • Supply blocks, unpowered buildings, or Contaminate may cause inaccurate times.
  • Supply counts are checked every 10 seconds.